 Dungeon Crawl Stone Soup version 0.26-a0-649-gf8c6c3aab7 (webtiles) character file.

Game seed: 5900756452426799747

39 grandjackal the Grave Robber (level 3, -1/26 HPs)
             Began as a Demonspawn Necromancer on Sept 27, 2020.
             Slain by a worm (6 damage)
             ... on level 2 of the Dungeon.
             The game lasted 00:03:04 (1525 turns).

grandjackal the Grave Robber (DsNe)                 Turns: 1525, Time: 00:03:05

Health: -1/26      AC:  8    Str:  9    XL:     3   Next: 26%
Magic:  3/6        EV: 12    Int: 16    God:
Gold:   113        SH:  0    Dex: 13    Spells: 6/7 levels left

rFire    . . .     SeeInvis .   f - +0 spear
rCold    . . .     Faith    .   (no shield)
rNeg     . . .     Spirit   .   a - +0 robe
rPois    .         Reflect  .   c - +2 helmet
rElec    .         Harm     .   (no cloak)
rCorr    .         Rampage  .   d - +0 pair of gloves
MR       .....                  (no boots)
Stlth    ++........             (no amulet)
HPRegen  0.08/turn              (no ring)
MPRegen  0.10/turn              (no ring)

@: no status effects
A: hooves 1, iridescent scales 1
a: no special abilities


You were on level 2 of the Dungeon.
You visited 1 branch of the dungeon, and saw 2 of its levels.

You collected 113 gold pieces.

Inventory:

Hand Weapons
 f - a +0 spear (weapon)
Armour
 a - a +0 robe (worn)
 c - a +2 helmet (worn)
 d - a +0 pair of gloves (worn)
 j - a +0 ring mail
Scrolls
 b - 2 scrolls of remove curse {unknown}
 e - a scroll of identify {unknown}
 g - a scroll of immolation {unknown}
Potions
 h - a potion of brilliance {unknown}
 i - a potion of curing {unknown}


   Skills:
 + Level 1.5 Fighting
 - Level 1.7 Dodging
 - Level 1.7 Stealth
 + Level 2.5 Spellcasting
 + Level 4.8 Necromancy


You had 6 spell levels left.
You knew the following spells:

 Your Spells              Type           Power        Failure   Level
a - Pain                  Necr           ###.         2%          1

Your spell library contained the following spells:

 Spells                   Type           Power        Failure   Level
 Animate Skeleton         Necr           ###...       2%          1
 Vampiric Draining        Necr           ###.......   8%          3
 Animate Dead             Necr           ###.......   26%         4
 Agony                    Necr           ###.....     58%         5


Dungeon Overview and Level Annotations

Branches:
Dungeon (2/15)

Altars:
Fedhas


Innate Abilities, Weirdness & Mutations

You have large cloven feet.
You are partially covered in iridescent scales. (AC +2)


Message History

Aiming: Pain (safe; 2% risk of failure)
Press: ? - help, Shift-Dir - straight line, f/p - worm
Aim: a worm (severely wounded, chance to defeat MR: 82%)
The worm writhes in agony.
The worm bites you.
* * * LOW HITPOINT WARNING * * *
Unknown command.
Casting: Pain (safe; 2% risk of failure)
Confirm with . or Enter, or press ? or * to list all spells.
Aiming: Pain (safe; 2% risk of failure)
Press: ? - help, Shift-Dir - straight line, f/p - worm
Aim: a worm (severely wounded, chance to defeat MR: 82%)
The worm barely resists.
Unknown command.
Casting: Pain (safe; 2% risk of failure)
Confirm with . or Enter, or press ? or * to list all spells.
Aiming: Pain (safe; 2% risk of failure)
Press: ? - help, Shift-Dir - straight line, f/p - worm
Aim: a worm (severely wounded, chance to defeat MR: 82%)
The worm writhes in agony.
The worm bites you.
You die...

#.#######....
#..... #.######
..... #...(.
###.#....# .....
#.....
#........##.....
#.....
#...............
#...##
#..†...##.......
#..##8 #......#
....... ####..
#......##w......
##8..
#.......@..#
##....
#..........#
#8....
##.##......#
+..... #.
#......# #8....
#. #......#
##.... ########
##8.. ##.. ##8
##


You could see a worm.

Vanquished Creatures
  A dart slug (D:1)
  A leopard gecko (D:1)
  2 giant cockroaches
  7 hobgoblins
  5 kobolds
  A quokka (D:2)
  A ball python (D:1)
  4 bats
  3 frilled lizards
  5 goblins
  3 rats (D:1)
33 creatures vanquished.

Notes
Turn   | Place    | Note
-------+----------+-------------------------------------------
     0 | D:1      | grandjackal the Demonspawn Necromancer began the quest for
                  | the Orb.
     0 | D:1      | Reached XP level 1. HP: 13/13 MP: 3/3
   319 | D:1      | Gained mutation: You are partially covered in iridescent
                  | scales. (AC +2) [demonic ancestry]
   319 | D:1      | Reached XP level 2. HP: 11/20 MP: 0/5
   544 | D:1      | Reached skill level 1 in Fighting
  1329 | D:2      | Gained mutation: You have large cloven feet. [demonic
                  | ancestry]
  1329 | D:2      | Reached XP level 3. HP: 26/26 MP: 6/6
  1488 | D:2      | Found a blossoming altar of Fedhas.
  1525 | D:2      | Slain by a worm

Illustrated notes

Levels and vault maps discovered:
D:1:      psy_arrival_terrarium, layout_loops_ring
D:2:      lemuel_upstairs_altar, layout_basic, dk_noncrumbling_4,
          lemuel_tele_altar

Skill      XL: |  1  2 |
---------------+-------+-----
Fighting       | 1 |  1.5
Dodging        | |  1.7
Stealth        | |  1.7
Spellcasting   | |  2.5
Necromancy     | |  4.8

Action                   || total
-------------------------++-------
Melee: Unarmed           ||     7
       Spear             ||    75
       Kick              ||    11
 Cast: Pain              ||    32
 Stab: Sleeping          ||     1
Armor: Robe              ||    21
Dodge: Dodged            ||    42

Table legend: (Time is in decaauts)
 A = Elapsed time spent in this place.
 B = Non-inter-level travel time spent in this place.
 C = Inter-level travel time spent in this place.
 D = Time resting spent in this place.
 E = Time spent auto-exploring this place.
 F = Levels seen in this place.
 G = Mean time per level.
                   A        B        C        D        E       F      G
               +--------+--------+--------+--------+--------+-----+--------+
         Total |   1531 |   1505 |     26 |    238 |    960 |   2 |  765.5 |
       Dungeon |   1531 |   1505 |     26 |    238 |    960 |   2 |  765.5 |
               +--------+--------+--------+--------+--------+-----+--------+

Top non-repeatable levels by time:
     D:1: 1115 daAuts
     D:2: 416 daAuts
